| TOP OF THE 1ST |
|
Merida Olas batting - Pitching for Santa Domingo Colonials : RHP Gregorio Soto
|
|
Pitching: RHP Gregorio Soto
|
|
|
Batting: LHB La Schelle Tarver
|
0-0: Ball 1-0: Swinging Strike 1-1: Ball 2-1: Swinging Strike 2-2: Strikes out looking
|
|
Batting: LHB Gary Jones
|
0-0: Foul Ball, location: 2F 0-1: Bunted foul 0-2: Ball 1-2: Foul Ball, location: 2F 1-2: Ball 2-2: Ball 3-2: Foul Ball, location: 2F 3-2: Base on Balls
|
|
Batting: LHB Ronald Little
|
0-0: Called Strike 0-1: Ball 1-1: Swinging Strike 1-2: Strikes out swinging
|
|
Batting: LHB Curt Ford
|
0-0: Ball 1-0: Ball 2-0: Ground out 4-3 (Groundball, 34, EV 86.3 MPH)
|
| Top of the 1st over - 0 runs, 0 hits, 0 errors, 1 left on base; Merida 0 - Santa Domingo 0 |
| BOTTOM OF THE 1ST |
|
Santa Domingo Colonials batting - Pitching for Merida Olas : RHP Danny Darwin
|
|
Pitching: RHP Danny Darwin
|
|
|
Batting: SHB Curt Bryan
|
0-0: Ball 1-0: Ball 2-0: Foul Ball, location: 2F 2-1: Foul Ball, location: 2F 2-2: Fly out, F8 (Flyball, 8LS, EV 86.3 MPH)
|
|
Batting: SHB Bip Roberts
|
0-0: Foul Ball, location: 2F 0-1: Ball 1-1: Called Strike 1-2: Ball 2-2: Foul Ball, location: 2F 2-2: Ground out 4-3 (Groundball, 4M, EV 89.4 MPH)
|
|
Batting: LHB Mike Stenhouse
|
0-0: Ball 1-0: Ball 2-0: Swinging Strike 2-1: Ball 3-1: Base on Balls
|
|
Batting: RHB John Rabb
|
0-0: Ball 1-0: Foul Ball, location: 2F 1-1: Called Strike 1-2: SINGLE (Flyball, 34D, EV 83.8 MPH) Mike Stenhouse to second Runner from 2nd tries for 3rd, SAFE, throw by RF made to third
|
|
Batting: RHB Ryne Sandberg
|
0-0: Fly out, F7 (Flyball, 78S, EV 95.0 MPH)
|
| Bottom of the 1st over - 0 runs, 1 hit, 0 errors, 2 left on base; Merida 0 - Santa Domingo 0 |
| TOP OF THE 2ND |
|
Merida Olas batting - Pitching for Santa Domingo Colonials : RHP Gregorio Soto
|
|
Batting: LHB Mike L Hart
|
0-0: Swinging Strike 0-1: Ball 1-1: Ball 2-1: Ground out 4-3 (Groundball, 4M, EV 80.6 MPH)
|
|
Batting: RHB Bob Bathe
|
0-0: Ball 1-0: Foul Ball, location: 2F 1-1: Ball 2-1: Foul Ball, location: 2F 2-2: Foul Ball, location: 2F 2-2: Ground out U3 (Groundball, 13, EV 86.3 MPH)
|
|
Batting: RHB Tim Hulett
|
0-0: Called Strike 0-1: Called Strike 0-2: Foul Ball, location: 2F 0-2: Ball 1-2: Ball 2-2: DOUBLE (Flyball, 78D, EV 100.0 MPH)
|
|
Batting: LHB Ty Van Burkleo
|
0-0: Fly out, F9 (Flyball, 89D, EV 87.5 MPH)
|
| Top of the 2nd over - 0 runs, 1 hit, 0 errors, 1 left on base; Merida 0 - Santa Domingo 0 |
| BOTTOM OF THE 2ND |
|
Santa Domingo Colonials batting - Pitching for Merida Olas : RHP Danny Darwin
|
|
Batting: RHB Mike Rubel
|
0-0: Ball 1-0: Ball 2-0: Ball 3-0: Base on Balls
|
|
Batting: RHB Ken Gerhart
|
0-0: Ball 1-0: Foul Ball, location: 2F 1-1: Foul Ball, location: 2F 1-2: Ball 2-2: Foul Ball, location: 2F 2-2: Ball 3-2: Fly out, F8 (Flyball, 8RXD, EV 97.5 MPH)
|
|
Batting: SHB Eddie Tanner
|
0-0: Fly out, F7 (Flyball, 7S, EV 88.1 MPH)
|
|
Batting: RHB Ramon Estepa
|
0-0: Foul Ball, location: 2F 0-1: Hit by Pitch Mike Rubel to second
|
|
Batting: SHB Curt Bryan
|
0-0: Ball 1-0: Ball 2-0: Ball 3-0: Base on Balls Mike Rubel to third Ramon Estepa to second
|
|
Batting: SHB Bip Roberts
|
0-0: Called Strike 0-1: SINGLE (Groundball, 5D, EV 99.4 MPH) Mike Rubel scores Ramon Estepa to third Curt Bryan to second Runner from 3rd tries for Home, SAFE, throw by LF to home
|
|
Batting: LHB Mike Stenhouse
|
0-0: Foul Ball, location: 2F 0-1: Foul Ball, location: 2F 0-2: Ground out 6-3 (Groundball, 6S, EV 65.0 MPH)
|
| Bottom of the 2nd over - 2 runs, 1 hit, 0 errors, 2 left on base; Merida 0 - Santa Domingo 2 |
| TOP OF THE 3RD |
|
Merida Olas batting - Pitching for Santa Domingo Colonials : RHP Gregorio Soto
|
|
Batting: LHB Joe Szekely
|
0-0: Ball 1-0: Ball 2-0: Swinging Strike 2-1: Ball 3-1: Called Strike 3-2: Strikes out swinging
|
|
Batting: LHB La Schelle Tarver
|
0-0: Fly out, F4 (Line Drive, 4, EV 68.8 MPH)
|
|
Batting: LHB Gary Jones
|
0-0: Called Strike 0-1: Foul Ball, location: 2F 0-2: Ball 1-2: Ball 2-2: Foul Ball, location: 2F 2-2: Foul Ball, location: 2F 2-2: Strikes out swinging
|
| Top of the 3rd over - 0 runs, 0 hits, 0 errors, 0 left on base; Merida 0 - Santa Domingo 2 |
| BOTTOM OF THE 3RD |
|
Santa Domingo Colonials batting - Pitching for Merida Olas : RHP Danny Darwin
|
|
Batting: RHB John Rabb
|
0-0: DOUBLE (Flyball, 78XD, EV 108.8 MPH)
|
|
Batting: RHB Ryne Sandberg
|
0-0: Called Strike 0-1: Foul Ball, location: 2F 0-2: Fly out, F9 (Flyball, 9LS, EV 88.8 MPH)
|
|
Batting: RHB Mike Rubel
|
0-0: Called Strike 0-1: Reached on error, E6 (Groundball, 56, EV 92.5 MPH) John Rabb scores
|
|
Batting: RHB Ken Gerhart
|
0-0: Called Strike 0-1: Ball 1-1: Ball 2-1: Ball 3-1: Fly out, F9 (Flyball, 9D, EV 106.3 MPH) Throwing error, E9 Mike Rubel scores
|
|
Batting: SHB Eddie Tanner
|
0-0: Ball 1-0: Called Strike 1-1: Ground out 6-3 (Groundball, 6, EV 76.9 MPH)
|
| Bottom of the 3rd over - 2 runs, 1 hit, 2 errors, 0 left on base; Merida 0 - Santa Domingo 4 |
| TOP OF THE 4TH |
|
Merida Olas batting - Pitching for Santa Domingo Colonials : RHP Gregorio Soto
|
|
Batting: LHB Ronald Little
|
0-0: Ball 1-0: Ground out 4-3 (Groundball, 4S, EV 68.8 MPH)
|
|
Batting: LHB Curt Ford
|
0-0: Ball 1-0: Ground out 6-3 (Groundball, 6, EV 93.8 MPH)
|
|
Batting: LHB Mike L Hart
|
0-0: Ball 1-0: Ball 2-0: Ball 3-0: Called Strike 3-1: Base on Balls
|
|
Batting: RHB Bob Bathe
|
0-0: Ball 1-0: Called Strike 1-1: Ball 2-1: Swinging Strike 2-2: Ball 3-2: Foul Ball, location: 2F 3-2: Base on Balls Mike L Hart to second
|
|
Batting: RHB Tim Hulett
|
0-0: Called Strike 0-1: Ball 1-1: Called Strike 1-2: Ball 2-2: Ball 3-2: Base on Balls Mike L Hart to third Bob Bathe to second
|
|
Batting: LHB Ty Van Burkleo
|
0-0: Ball 1-0: Fly out, F9 (Flyball, 9D, EV 96.3 MPH)
|
| Top of the 4th over - 0 runs, 0 hits, 0 errors, 3 left on base; Merida 0 - Santa Domingo 4 |
| BOTTOM OF THE 4TH |
|
Santa Domingo Colonials batting - Pitching for Merida Olas : RHP Danny Darwin
|
|
Batting: RHB Ramon Estepa
|
0-0: Called Strike 0-1: Ball 1-1: Fly out, F7 (Flyball, 7D, EV 93.8 MPH)
|
|
Batting: SHB Curt Bryan
|
0-0: Ball 1-0: Ball 2-0: Ball 3-0: Called Strike 3-1: Foul Ball, location: 2F 3-2: SINGLE (Line Drive, 4MD, EV 101.9 MPH)
|
|
Batting: SHB Bip Roberts
|
0-0: Called Strike Curt Bryan steals 2nd base 0-1: Ball 1-1: Called Strike 1-2: Ground out 5-3 (Groundball, 56, EV 87.5 MPH)
|
|
Batting: LHB Mike Stenhouse
|
0-0: Fly out, F7 (Flyball, 78D, EV 98.1 MPH)
|
| Bottom of the 4th over - 0 runs, 1 hit, 0 errors, 1 left on base; Merida 0 - Santa Domingo 4 |
| TOP OF THE 5TH |
|
Merida Olas batting - Pitching for Santa Domingo Colonials : RHP Gregorio Soto
|
|
Batting: LHB Joe Szekely
|
0-0: Ball 1-0: Foul Ball, location: 2F 1-1: Swinging Strike 1-2: Ball 2-2: Strikes out swinging
|
|
Batting: LHB La Schelle Tarver
|
0-0: Foul Ball, location: 2F 0-1: Foul Ball, location: 2F 0-2: Ball 1-2: Ball 2-2: Ball 3-2: Base on Balls
|
|
Batting: LHB Gary Jones
|
0-0: Foul Ball, location: 2F
|
|
|
|
|
|
0-1: SINGLE (Line Drive, 34D, EV 95.0 MPH) La Schelle Tarver to second
|
|
Batting: LHB Ronald Little
|
0-0: Ball 1-0: Foul Ball, location: 2F 1-1: Ball 2-1: Ball 3-1: Base on Balls La Schelle Tarver to third Gary Jones to second
|
|
Batting: LHB Curt Ford
|
0-0: Called Strike 0-1: Foul Ball, location: 2F 0-2: Fielders Choice at 2nd, 6-4 (Groundball, 6, EV 88.1 MPH) La Schelle Tarver scores Gary Jones to third
|
|
Pitching: RHP Tim Reynolds
|
|
|
Batting: LHB Mike L Hart
|
0-0: Ball 1-0: Ball 2-0: Ball 3-0: Base on Balls Curt Ford to second
|
|
Batting: RHB Bob Bathe
|
0-0: Ball 1-0: Called Strike 1-1: Swinging Strike 1-2: Ball 2-2: Fielders Choice at 2nd, 6-4 (Groundball, 6, EV 101.3 MPH)
|
| Top of the 5th over - 1 run, 1 hit, 0 errors, 3 left on base; Merida 1 - Santa Domingo 4 |
| BOTTOM OF THE 5TH |
|
Santa Domingo Colonials batting - Pitching for Merida Olas : RHP Danny Darwin
|
|
Batting: RHB John Rabb
|
0-0: Ball 1-0: Foul Ball, location: 2F 1-1: Called Strike 1-2: Ball 2-2: Fly out, F5 (Flyball, 5D, EV 86.9 MPH)
|
|
Batting: RHB Ryne Sandberg
|
0-0: SINGLE (Line Drive, 7S, EV 105.0 MPH)
|
|
Batting: RHB Mike Rubel
|
0-0: Fly out, F7 (Flyball, 7, EV 66.9 MPH)
|
|
Batting: RHB Ken Gerhart
|
0-0: Called Strike 0-1: Ball 1-1: Called Strike Ryne Sandberg steals 2nd base 1-2: Ball 2-2: Foul Ball, location: 2F 2-2: Ball 3-2: Foul Ball, location: 2F 3-2: Foul Ball, location: 2F 3-2: Fly out, F8 (Flyball, 89D, EV 102.5 MPH)
|
| Bottom of the 5th over - 0 runs, 1 hit, 0 errors, 1 left on base; Merida 1 - Santa Domingo 4 |
| TOP OF THE 6TH |
|
Merida Olas batting - Pitching for Santa Domingo Colonials : RHP Tim Reynolds
|
|
Batting: RHB Tim Hulett
|
0-0: Foul Ball, location: 2F 0-1: DOUBLE (Flyball, 8RXD, EV 108.1 MPH)
|
|
Batting: LHB Ty Van Burkleo
|
0-0: Ball 1-0: Ball 2-0: Ball 3-0: Base on Balls
|
|
Batting: LHB Joe Szekely
|
0-0: Ball 1-0: Called Strike 1-1: Called Strike 1-2: Ball 2-2: Strikes out swinging
|
|
Batting: LHB La Schelle Tarver
|
0-0: Swinging Strike 0-1: Ball 1-1: Swinging Strike 1-2: Strikes out swinging
|
|
Batting: LHB Gary Jones
|
0-0: Fly out, F9 (Flyball, 9D, EV 99.4 MPH)
|
| Top of the 6th over - 0 runs, 1 hit, 0 errors, 2 left on base; Merida 1 - Santa Domingo 4 |
| BOTTOM OF THE 6TH |
|
Santa Domingo Colonials batting - Pitching for Merida Olas : RHP Danny Darwin
|
|
Batting: SHB Eddie Tanner
|
0-0: SINGLE (Line Drive, 6MD, EV 96.9 MPH)
|
|
Batting: RHB Ramon Estepa
|
0-0: Swinging Strike Eddie Tanner steals 2nd base 0-1: Ball 1-1: Ball 2-1: Ball 3-1: Foul Ball, location: 2F 3-2: Base on Balls
|
|
Batting: SHB Curt Bryan
|
0-0: Foul Ball, location: 2F 0-1: Swinging Strike 0-2: Grounds into double play, 4-6-3 (Groundball, 4, EV 85.6 MPH) Eddie Tanner to third
|
|
Batting: SHB Bip Roberts
|
0-0: Ball 1-0: Swinging Strike 1-1: Hit by Pitch
|
|
Batting: LHB Mike Stenhouse
|
0-0: Called Strike 0-1: Ball 1-1: Called Strike 1-2: Ball 2-2: Ball 3-2: Base on Balls Bip Roberts to second
|
|
Pitching: RHP Ron Darling
|
|
|
Batting: RHB John Rabb
|
0-0: Ball 1-0: Ball 2-0: Foul Ball, location: 2F 2-1: Foul Ball, location: 2F 2-2: Strikes out looking
|
| Bottom of the 6th over - 0 runs, 1 hit, 0 errors, 3 left on base; Merida 1 - Santa Domingo 4 |
| TOP OF THE 7TH |
|
Merida Olas batting - Pitching for Santa Domingo Colonials : RHP Tim Reynolds
|
|
Now at 1B: Orlando Mercado
|
|
|
Batting: LHB Ronald Little
|
0-0: Ball 1-0: Ball 2-0: Foul Ball, location: 2F 2-1: Foul Ball, location: 2F 2-2: Strikes out swinging
|
|
Batting: LHB Curt Ford
|
0-0: Called Strike 0-1: DOUBLE (Flyball, 89D, EV 98.8 MPH)
|
|
Batting: LHB Mike L Hart
|
0-0: Called Strike 0-1: Ball 1-1: Ball 2-1: Called Strike 2-2: Ball 3-2: Base on Balls
|
|
Batting: RHB Bob Bathe
|
0-0: Ball 1-0: Called Strike 1-1: Swinging Strike 1-2: Foul Ball, location: 2F 1-2: Strikes out looking
|
|
Batting: RHB Tim Hulett
|
0-0: Ball 1-0: Ground out 4-3 (Groundball, 4, EV 91.3 MPH)
|
| Top of the 7th over - 0 runs, 1 hit, 0 errors, 2 left on base; Merida 1 - Santa Domingo 4 |
| BOTTOM OF THE 7TH |
|
Santa Domingo Colonials batting - Pitching for Merida Olas : RHP Ron Darling
|
|
Batting: RHB Ryne Sandberg
|
0-0: Called Strike 0-1: Fly out, F7 (Flyball, 7, EV 72.5 MPH)
|
|
Batting: RHB Mike Rubel
|
0-0: Ball 1-0: Fly out, F7 (Flyball, 78S, EV 90.0 MPH)
|
|
Batting: RHB Ken Gerhart
|
0-0: Ball 1-0: Foul Ball, location: 2F 1-1: Ground out U3 (Groundball, 3, EV 78.1 MPH)
|
| Bottom of the 7th over - 0 runs, 0 hits, 0 errors, 0 left on base; Merida 1 - Santa Domingo 4 |
| TOP OF THE 8TH |
|
Merida Olas batting - Pitching for Santa Domingo Colonials : RHP Tim Reynolds
|
|
Batting: LHB Ty Van Burkleo
|
0-0: Called Strike 0-1: Ball 1-1: Ball 2-1: Called Strike 2-2: Foul Ball, location: 2F 2-2: Foul Ball, location: 2F 2-2: Ball 3-2: Foul Ball, location: 2F 3-2: Base on Balls
|
|
Pitching: LHP Rick Adair
|
|
|
Batting: LHB Joe Szekely
|
0-0: Called Strike 0-1: Ball 1-1: Ball 2-1: Swinging Strike 2-2: Ball 3-2: Strikes out swinging
|
|
Batting: LHB La Schelle Tarver
|
0-0: Called Strike 0-1: Ball 1-1: Ball 2-1: Foul Ball, location: 2F 2-2: Strikes out swinging
|
|
Batting: LHB Gary Jones
|
0-0: SINGLE (Line Drive, 3D, EV 103.8 MPH) Ty Van Burkleo to second
|
|
Batting: LHB Ronald Little
|
0-0: Called Strike 0-1: Foul Ball, location: 2F 0-2: Ball 1-2: Ball 2-2: Foul Ball, location: 2F 2-2: SINGLE (Flyball, 5D, EV 102.5 MPH) Ty Van Burkleo to third Gary Jones to second Runner from 3rd tries for Home, SAFE, throw by LF to home
|
|
Batting: LHB Curt Ford
|
0-0: Ball 1-0: Ball Wild Pitch! Gary Jones to third Ronald Little to second 2-0: Ball 3-0: Base on Balls
|
|
Batting: LHB Mike L Hart
|
0-0: Ball 1-0: Ball 2-0: Swinging Strike 2-1: Foul Ball, location: 2F 2-2: Strikes out swinging
|
| Top of the 8th over - 1 run, 2 hits, 0 errors, 3 left on base; Merida 2 - Santa Domingo 4 |
| BOTTOM OF THE 8TH |
|
Santa Domingo Colonials batting - Pitching for Merida Olas : RHP Ron Darling
|
|
Batting: SHB Eddie Tanner
|
0-0: Ball 1-0: Called Strike 1-1: Ball 2-1: Ball 3-1: SINGLE (Line Drive, 6M, EV 95.6 MPH)
|
|
Batting: RHB Ramon Estepa
|
0-0: Called Strike 0-1: Swinging Strike 0-2: Ball 1-2: SINGLE (Groundball, 6MD, EV 97.5 MPH) Eddie Tanner to second Runner from 2nd tries for 3rd, SAFE, throw by CF made to third
|
|
Batting: SHB Curt Bryan
|
0-0: Fly out, F9 (Flyball, 9S, EV 92.5 MPH)
|
|
Batting: RHB Orlando Mercado
|
0-0: Ball 1-0: Swinging Strike 1-1: Foul Ball, location: 2F 1-2: Ball 2-2: Ball 3-2: Strikes out swinging
|
|
Batting: LHB Mike Stenhouse
|
0-0: Ball 1-0: Ball 2-0: Foul Ball, location: 2F 2-1: Foul Ball, location: 2F 2-2: Foul Ball, location: 2F 2-2: Ball 3-2: Foul Ball, location: 2F 3-2: SINGLE (Groundball, 6MS, EV 68.8 MPH) (infield hit) Eddie Tanner scores Ramon Estepa to second
|
|
Batting: RHB John Rabb
|
0-0: Called Strike 0-1: Ball 1-1: SINGLE (Groundball, 56, EV 100.6 MPH) Ramon Estepa to third Mike Stenhouse to second Runner from 3rd tries for Home, SAFE, throw by LF to home
|
|
Batting: RHB Ryne Sandberg
|
0-0: Called Strike 0-1: Called Strike 0-2: Ball 1-2: Ball 2-2: Fly out, F8 (Flyball, 8LXD, EV 102.5 MPH)
|
| Bottom of the 8th over - 2 runs, 4 hits, 0 errors, 2 left on base; Merida 2 - Santa Domingo 6 |
| TOP OF THE 9TH |
|
Merida Olas batting - Pitching for Santa Domingo Colonials : LHP Rick Adair
|
|
Pitching: LHP Thomas Biko
|
|
|
Now at 3B: Vinny Jaramillo
|
|
|
Batting: RHB Bob Bathe
|
0-0: DOUBLE (Flyball, 8LXD, EV 105.6 MPH)
|
|
Batting: RHB Tim Hulett
|
0-0: Ball 1-0: Ball 2-0: Ground out 6-3 (Groundball, 6, EV 101.9 MPH)
|
|
Batting: LHB Ty Van Burkleo
|
0-0: Ball 1-0: Ball 2-0: Foul Ball, location: 2F 2-1: Swinging Strike 2-2: Ball 3-2: Foul Ball, location: 2F 3-2: Strikes out swinging
|
|
Batting: LHB Joe Szekely
|
0-0: Called Strike 0-1: Foul Ball, location: 2F 0-2: Ball 1-2: Strikes out looking
|
| Top of the 9th over - 0 runs, 1 hit, 0 errors, 1 left on base; Merida 2 - Santa Domingo 6 |
 |
|
Tuesday, July 7th, 2020 - OOTP Baseball 21.4 Build 63
|
|